 Dungeon Crawl Stone Soup version 0.31-a0-1496-g79c7dd0eeb (webtiles) character file.

Game seed: 18042635953045724623

192201 Flugkiller the Warrior (level 18, -9/255 HPs)
             Began as an Oni Chaos Knight on Dec 29, 2023.
             Was a Plaything of Xom.
             Killed from afar by a death drake (20 damage)
             ... with a foul vapour
             ... in an ice cave.
             The game lasted 00:42:49 (31252 turns).

Flugkiller the Warrior (Oni Chaos Knight)          Turns: 31252, Time: 00:42:50

Health: -9/255     AC: 16    Str: 29    XL:     18   Next: 22%
Magic:  1/28       EV:  9    Int: 17    God:    Xom [*.....]
Gold:   1780       SH:  0    Dex:  7    Spells: 24/27 levels left

rFire   . .          .
                       - Unarmed
rCold   + . .        Q - melded +0 kite shield
rNeg    . . .        a - melded +2 robe
rPois   +            (helmet unavailable)
rElec   .            (cloak currently unavailable)
rCorr   .            (gloves unavailable)
SInv    .            (boots unavailable)
Will    +....        X - amulet of regeneration
Stlth   +            p - +4 ring of protection
HPRegen 1.42/turn    S - ring of protection from cold
MPRegen 0.21/turn

%: no passive effects
@: confused, mighty, lethally poisoned (-9 -> -10), snake-form, hasted and
slowed
A: constrict, boosted hp, large, unfitting armour, (horns 3), (tough skin 1),
double potion healing, drunken brawling, clever 1, (cold resistance 1), high MP
1, sense surroundings 1, weak 1, wild magic 1, evolution 1, no potion heal 1
}: 1/15 runes: gossamer
a: Begin Untransformation, Renounce Religion


You were in an ice cave.
You worshipped Xom.
You were a special plaything of Xom.
You were an enormous serpent.
You visited 5 branches of the dungeon, and saw 28 of its levels.
You also visited: Ice Cave and Volcano.

You collected 2741 gold pieces.
You spent 961 gold pieces at shops.

Inventory:

Missiles
 E - 9 curare-tipped darts
 H - a throwing net
Armour
 a - a +2 robe (melded)
 J - the +3 crown of Dyrovepreva {rElec Int+2 SInv}
   (You found it on level 4 of the Spider Nest)

   Int+2:     It affects your intelligence (+2).
   rElec:     It insulates you from electricity.
   SInv:      It lets you see invisible.
 K - the +2 hat of the Bear Spirit {Spirit, Bear, *Rage Will++}
   (You found it on level 10 of the Dungeon)

   Bear:      Going berserk makes the wearer exceptionally tough, and they are
   slowed for a shorter time afterward.
   Will++:    It greatly increases your willpower.
   *Rage:     It berserks you when you make melee attacks (+20% chance).
 L - the +2 cloak of the Old World {Dex+3 SInv}
   (You found it on level 10 of the Dungeon)

   Dex+3:     It affects your dexterity (+3).
   SInv:      It lets you see invisible.
 Q - a +0 kite shield (melded)
   (You found it on level 1 of the Dungeon)
 R - the +4 tower shield of Untold Secrets {+Inv rC+++ MP+9 Str-3}
   (Xom gifted it to you on level 5 of the Lair of Beasts)

   Str-3:     It affects your strength (-3).
   rC+++:     It renders you almost immune to cold.
   MP+9:      It affects your magic capacity (+9).
   +Inv:      It lets you turn invisible.
Jewellery
 c - a ring of protection from cold
   (You found it on level 1 of the Lair of Beasts)
 f - a ring of protection from fire
   (You found it on level 1 of the Shoals)
 i - a ring of see invisible
   (You took it off an orc on level 10 of the Dungeon)
 k - a +4 ring of protection
   (You found it on level 5 of the Dungeon)
 m - a ring of willpower
   (You found it on level 2 of the Shoals)
 p - a +4 ring of protection (left hand)
   (You found it on level 3 of the Dungeon)
 S - a ring of protection from cold (right hand)
   (You found it on level 5 of the Lair of Beasts)
 X - an amulet of regeneration (around neck)
   (You found it on level 1 of the Spider Nest)
 Y - a ring of wizardry
   (You took it off a meliai on level 2 of the Spider Nest)
Talismans
 D - a serpent talisman (active)
   (You found it on level 5 of the Dungeon)
Wands
 q - a wand of mindburst (17)
   (You took it off Ijyb on level 3 of the Dungeon)
 x - a wand of roots (17)
   (You found it on level 6 of the Dungeon)
 M - a wand of flame (27)
   (You found it on level 15 of the Dungeon)
 N - a wand of digging (11)
   (You found it on level 7 of the Dungeon)
 O - a wand of paralysis (23)
   (You found it on level 3 of the Dungeon)
 T - a wand of quicksilver (7)
   (You took it off a kobold brigand on level 13 of the Dungeon)
Scrolls
 b - a scroll of butterflies
 e - 5 scrolls of amnesia
 g - 5 scrolls of revelation
 l - 6 scrolls of enchant armour
 o - a scroll of immolation
 r - 3 scrolls of identify
 s - 6 scrolls of vulnerability
 t - 5 scrolls of teleportation
 u - 6 scrolls of fog
 y - 2 scrolls of fear
 z - 6 scrolls of blinking
 G - 2 scrolls of poison
 Z - a scroll of acquirement
Potions
 d - 5 potions of might
 h - 4 potions of haste
 n - 6 potions of resistance
 v - 4 potions of lignification
 A - 4 potions of invisibility
 B - 10 potions of brilliance
 C - 3 potions of enlightenment
 F - 3 potions of mutation
 I - 7 potions of ambrosia
 U - a potion of berserk rage
 V - 2 potions of magic
Miscellaneous
 j - a phantom mirror
   (You found it on level 15 of the Dungeon)
 W - a phial of floods
   (You bought it in a shop on level 2 of the Orcish Mines)


   Skills:
 - Level 20.9 Fighting
 - Level 2.1 Dodging
 - Level 5.0 Shields
 - Level 15.6 Unarmed Combat
 - Level 5.0 Spellcasting
 - Level 10.0 Ice Magic
 + Level 9.2 Evocations
 - Level 15.0 Shapeshifting


You had 24 spell levels left.
You knew the following spells:

 Your Spells              Type           Power      Damage    Failure   Level
a - Ozocubu's Armour      Ice            49%        N/A       1%          3

Your spell library contained the following spells:

 Spells                   Type           Power      Damage    Failure   Level
 Freeze                   Ice            100%       1d10      1%          1
 Frozen Ramparts          Ice            98%        1d15      1%          3
 Hailstorm                Conj/Ice       27%        3d8       9%          3
 Summon Ice Beast         Ice/Summ       27%        N/A       9%          3
 Foxfire                  Conj/Fire      20%        2x1d5     21%         1
 Magic Dart               Conj           20%        1d4       21%         1
 Necrotise                Necr           20%        1d5       21%         1
 Shock                    Conj/Air       20%        1d4       21%         1
 Sting                    Conj/Alch      20%        1d4       21%         1
 Jinxbite                 Hex            10%        N/A       30%         2
 Mercury Vapours          Alch/Air       10%        N/A       30%         2
 Scorch                   Fire           10%        2d5       30%         2
 Searing Ray              Conj           10%        2d4       30%         2
 Call Canine Familiar     Summ           5%         N/A       47%         3
 Inner Flame              Hex/Fire       5%         N/A       47%         3
 Sigil of Binding         Hex            5%         N/A       47%         3
 Swiftness                Air            5%         N/A       47%         3
 Vampiric Draining        Necr           5%         2d6       47%         3
 Metabolic Englaciation   Hex/Ice        13%        N/A       54%         5
 Airstrike                Air            2%         2d(1-17)  86%         4
 Dimensional Bullseye     Hex/Tloc       2%         N/A       86%         4
 Flame Wave               Conj/Fire      5%         2d5       86%         4
 Fulminant Prism          Conj/Alch      2%         3d5       86%         4
 Leda's Liquefaction      Alch/Erth      2%         N/A       86%         4
 Martyr's Knell           Necr/Summ      5%         N/A       86%         4
 Olgreb's Toxic Radiance  Alch           5%         N/A       86%         4
 Petrify                  Alch/Erth      5%         N/A       86%         4
 Sticky Flame             Fire/Alch      5%         2d4       86%         4
 Vhi's Electric Charge    Tloc/Air       10%        N/A       86%         4
 Sculpt Simulacrum        Ice/Alch       13%        N/A       97%         6
 Arcjolt                  Conj/Air       2%         1d12      99%         5
 Curse of Agony           Necr           5%         N/A       99%         5
 Irradiate                Conj/Alch      2%         3d12      99%         5
 Yara's Violent Unravell  Hex/Alch       2%         3d3       99%         5
 Plasma Beam              Fire/Air       2%         2x1d12    100%        6
 Starburst                Conj/Fire      2%         6d3       100%        6
 Summon Cactus Giant      Summ           2%         N/A       100%        6
 Enfeeble                 Hex            2%         N/A       100%        7
 Ignition                 Fire           2%         3d3       100%        8
 Maxwell's Capacitive Co  Air            2%         ∞         100%        8


Dungeon Overview and Level Annotations

Branches:
Dungeon (15/15) Zot: 22905  Temple (0/1) D:5            Lair (5/5) D:9 Zot: 23882
 Shoals (2/4) Lair:2 Zot: 10812  Spider (4/4) Lair:2 Zot: 18373   Slime (0/5) Lair:5
    Orc (2/2) D:11 Zot: 10165     Elf (0/3) Orc:2        Vaults (0/5) D:14
 Depths (0/4) D:15          IceCv (1/1) Zot: 5591   Volcano (visited)

Altars:
Ashenzari
Cheibriados
Elyvilon
Fedhas
Gozag
Hepliaklqana
Okawaru
Ru
Sif Muna
Xom
The Shining One

Shops:
D:7 :   D:8 !   D:12 ?*=!(   D:15 *   Orc:2 ?(:[**

Annotations:
D:6 2 transporters, Arcadio's ghost, amateur DrFE
Spider:1 2 transporters, Vidaw's ghost, journeyman DsSh
Spider:3 1 runed translucent door, GrimJard's ghost, adept GrEE


Innate Abilities, Weirdness & Mutations

You are an enormous serpent.
You have a powerful constriction melee attack.
Your maximum health is increased.
Your armour is entirely melded.
You are incapable of wielding weapons or throwing items.
You are too large for most types of armour.
((You have a pair of large horns on your head.))
((You have tough skin. (AC +1)))
You gain doubled healing and magic from potions.
Whenever you drink a healing potion, you attack all around you.
Your mind is acute. (Int +4, Str/Dex -1)
((Your flesh is cold resistant. (rC+)))
You have an increased reservoir of magic. (+10% MP)
You passively map a small area around you.
You are weak. (Str -2)
Your spells are a little harder to cast, but a little more powerful.
You have hidden genetic potential.
Potions are less effective at restoring your health.


Message History

The slime creature is engulfed in seething chaos.
You're too confused to move!
You are engulfed in seething chaos.
You feel yourself speed up.
The quicksilver ooze is no longer moving slowly.
The quicksilver ooze is engulfed in seething chaos. x2
The slime creature is engulfed in seething chaos.
The slime creature seems to grow stronger.
The slime creature hits you!
* * * LOW HITPOINT WARNING * * *
The slime creature hits itself!
Unknown command.
The quicksilver ooze is engulfed in seething chaos.
The quicksilver ooze blinks!
Unknown command.
You're too confused to move!
Unknown command.
You bump into the ice covered rock wall.
The slime creature is engulfed in seething chaos.
The slime creature falls asleep!
The slime creature quivers.
Unknown command.
You lash the quicksilver ooze!
The quicksilver ooze is almost dead.
The quicksilver ooze seems less confused.
The quicksilver ooze hits you!
* * * LOW HITPOINT WARNING * * *
The quicksilver ooze engulfs you! The quicksilver ooze barely misses you.
The quicksilver ooze hits you.
The quicksilver ooze hits you but does no damage.
Unknown command.
You miss the quicksilver ooze.
The quicksilver ooze is almost dead.
* * * LOW HITPOINT WARNING * * *
Your lungs strain for air!
The quicksilver ooze hits you!!
* * * LOW HITPOINT WARNING * * *
The quicksilver ooze misses you. The slime creature hits you!
* * * LOW HITPOINT WARNING * * *
Unknown command.
You closely miss the quicksilver ooze.
The quicksilver ooze is almost dead.
* * * LOW HITPOINT WARNING * * *
Your lungs strain for air!
The quicksilver ooze hits you!
* * * LOW HITPOINT WARNING * * *
The quicksilver ooze hits you!
* * * LOW HITPOINT WARNING * * *
You feel your power leaking away.
You take a swig of the potion and flex your muscles.
You body-slam the quicksilver ooze!!
You kill the quicksilver ooze!
The ooze engulfing you falls away.
You gasp with relief as air once again reaches your lungs.
You body-slam the slime creature!!
The slime creature is heavily wounded.
You feel much better.
The slime creature hits you but does no damage.
Okay, then.
You lash the slime creature!
The slime creature is severely wounded.
Unknown command.
You bump into the slime covered rock wall.
Unknown command.
You hit the slime creature.
The slime creature is severely wounded.
The slime creature is engulfed in seething chaos.
The slime creature evaporates and reforms as a death drake!
The death drake breathes miasma at you. The foul vapour engulfs you!
You are poisoned.
* * * LOW HITPOINT WARNING * * *
Unknown command.
You are engulfed in seething chaos.
You feel very mighty all of a sudden.
You feel very sick.
You see here 28 gold pieces.
Unknown command.
You bump into the ice covered rock wall.
You feel very sick.
Unknown command.
You feel sick.
Unknown command.
Okay, then.
You are too confused!
Okay, then.
You lash the death drake!
The death drake is almost dead.
You feel sick. The death drake bites you!
* * * LOW HITPOINT WARNING * * *
You bump into the ice covered rock wall.
You feel sick. The death drake barely misses you.
You miss the death drake.
The death drake is almost dead.
You feel sick.
You miss the death drake.
The death drake is almost dead.
You feel sick. The death drake breathes miasma at you.
The foul vapour engulfs you!!
You feel yourself slow down.
You die...

##.....# #......
#.○.°.., ##○○°°
##..○°# ,
#...#.#*, *
##..##.# , ,
#..##$)# #..#Sk.#
* ##.##..## , *
#..##..# , , ###
#..#..## ,
##.####.##..# ,,*
#...##..#..##..#
, ,
#∩∩.....#..##..#
* ,
#...##..#..§#..##
##.####.##.§##..#
,


You could see a death drake (catching breath).

Vanquished Creatures
  Frances (Spider:2)
  Gastronok (D:8)
  5 emperor scorpions
  3 ghost moths
  3 quicksilver oozes (IceCv)
  2 broodmothers
  A minotaur (Lair:5)
  2 spark wasps
  Azrael (Orc:2)
  The ghost of Ucobeodgho the Fighter, a journeyman GrEE of Vehumet (Lair:5)
  A merfolk impaler (Shoals:1)
  3 entropy weavers
  4 catoblepae
  8 vault guards (D:14)
  An ogre mage (Volcano)
  7 hydras
  6 centaur warriors
  Erica (D:8)
  3 jorogumos
  2 radroaches
  The ghost of PanSaczeczos the Fighter, a novice AtAE of Fedhas (D:10)
  5 two-headed ogres
  11 boulder beetles
  An alligator snapping turtle (Shoals:2)
  4 orc high priests (Orc:2)
  4 death yaks (Lair:5)
  13 demonic crawlers
  2 tengu warriors
  A hell knight (Volcano)
  Sonja (Orc:2)
  2 sun demons (Shoals:1)
  8 pharaoh ants
  2 skysharks
  A sea snake (Shoals:2)
  8 skeletal warriors
  A deep troll (D:15)
  An orb spider (Spider:2)
  A sun moth (Spider:4)
  An arcanist (D:13)
  An obsidian statue (Volcano)
  An orange crystal statue (IceCv)
  A necromancer (D:15)
  Pikel (D:4)
  10 steelbarb worms
  An orc knight (D:15)
  A deep elf pyromancer (D:15)
  13 wolf spiders
  6 cyclopes
  11 manticores
  3 oklob plants
  2 orc sorcerers (Orc:2)
  14 ugly things
  2 fauns (shapeshifter)
  An elephant (Lair:5)
  15 meliai
  2 moths of wrath
  3 kobold blastminers
  A black mamba (shapeshifter) (Spider:1)
  A merfolk siren (Shoals:2)
  2 ice statues (Shoals:2)
  3 torpor snails
  4 water nymphs (Shoals:1)
  7 black mambas
  A gargoyle (D:10)
  8 cane toads
  A kobold demonologist (D:13)
  6 rime drakes
  9 komodo dragons
  2 tengu conjurers
  A yaktaur (shapeshifter) (D:15)
  A polar bear (Lair:4)
  4 merfolk
  4 trolls
  3 hornets
  17 tarantellas
  A tarantella (shapeshifter) (Spider:1)
  13 blink frogs
  18 dream sheep (Lair:5)
  4 wind drakes
  A blink frog (shapeshifter) (D:13)
  3 snapping turtles (Shoals:1)
  31 jumping spiders
  Sigmund (D:3)
  A wraith (D:14)
  3 shadows
  5 wyverns
  16 slime creatures
  10 culicivoras
  5 water elementals
  70 yaks
  2 vampires
  6 basilisks
  A yak (shapeshifter) (D:13)
  3 fire elementals (Orc:2)
  3 fire bats (Volcano)
  46 redbacks
  2 steam dragons
  8 vampire mosquitoes
  Menkaure (D:7)
  2 great orb of eyes simulacra (IceCv)
  An acid dragon (D:9)
  14 water moccasins
  2 hell hounds (Orc:2)
  An ice beast (D:6)
  3 sky beasts
  6 black bears
  20 orc warriors
  10 ogres
  8 wolves
  An ogre (shapeshifter) (D:13)
  13 centaurs
  2 phantoms
  A slime creature simulacrum (IceCv)
  9 kobold brigands
  3 gnoll sergeants
  10 bullfrogs
  3 glowing shapeshifter simulacra (IceCv)
  3 scorpions
  4 wights
  12 killer bees
  A killer bee (shapeshifter) (D:6)
  6 electric eels
  4 howler monkeys
  4 lava snakes (Volcano)
  A jelly (D:6)
  3 bombardier beetles
  41 orc priests
  2 gnoll boudas
  6 hounds
  An iguana (D:4)
  Ijyb (D:3)
  32 orc wizards
  2 sleepcaps
  Natasha (thrice) (D:4)
  Robin (D:3)
  9 gnolls
  4 adders
  A shadow imp (D:5)
  2 white imps
  A worm (D:3)
  6 dart slugs
  79 orcs
  5 bats
  4 endoplasms
  2 giant cockroaches (D:4)
  14 goblins
  9 hobgoblins
  4 jackals (D:3)
  22 kobolds
  4 quokkas
  3 ball pythons
  2 frilled lizards
  4 rats
952 creatures vanquished.

Vanquished Creatures (collateral kills)
  Rupert (D:15)
  A cyclops (D:15)
  A manticore (Shoals:1)
  A merfolk (Shoals:1)
  2 dream sheep (Lair:5)
  A killer bee (D:7)
  A howler monkey (D:7)
  An orc priest (D:6)
  An orc wizard (D:6)
  A shadow imp (D:7)
  2 orcs
13 creatures vanquished.

Vanquished Creatures (others)
  A hydra (D:13)
  A merfolk aquamancer (Shoals:1)
  A dancing weapon (D:8)
  A yak (Lair:5)
  An orc warrior (Orc:2)
  An orc wizard (Orc:2)
  An orc (D:10)
7 creatures vanquished.

Grand Total: 972 creatures vanquished

Notes
Turn   | Place    | Note
-------+----------+-------------------------------------------
     0 | D:1      | Flugkiller the Oni Chaos Knight began the quest for the
                  | Orb.
     0 | D:1      | Reached XP level 1. HP: 24/24 MP: 1/1
    36 | D:1      | Reached XP level 2. HP: 28/33 MP: 2/2
   173 | D:1      | Found a faded altar of an unknown god.
   349 | D:1      | XOM is BORED!
   349 | D:1      | XOM: silly message
   472 | D:2      | XOM: divination: detect creatures
   555 | D:2      | XOM: silly message
   571 | D:2      | Reached XP level 3. HP: 32/38 MP: 3/3
   587 | D:2      | Reached skill level 1 in Shields
   868 | D:2      | Found a broken altar of Ashenzari.
   904 | D:2      | XOM is BORED!
   904 | D:2      | XOM: silly message
   985 | D:2      | XOM: divination: detect items
  1053 | D:2      | Reached XP level 4. HP: 21/49 MP: 4/4
  1295 | D:2      | XOM is BORED!
  1341 | D:2      | XOM: divination: detect items
  1508 | D:3      | Found a sacrificial altar of Ru.
  1508 | D:3      | Found a snail-covered altar of Cheibriados.
  1522 | D:3      | Noticed Ijyb
  1522 | D:3      | XOM: divination: detect items
  1532 | D:3      | XOM: butterfly on damage
  1532 | D:3      | Noticed a phantom
  1540 | D:3      | XOM: enchant monster (good)
  1542 | D:3      | Killed Ijyb
  1558 | D:2      | XOM: noise
  1562 | D:2      | XOM: summons friendly white imp
  1568 | D:2      | Killed a phantom
  1569 | D:2      | Reached skill level 5 in Fighting
  1569 | D:2      | Reached XP level 5. HP: 40/57 MP: 5/5
  1786 | D:3      | Noticed Robin
  1804 | D:3      | Killed Robin
  1811 | D:3      | Reached XP level 6. HP: 39/66 MP: 6/6
  1955 | D:3      | Noticed Sigmund
  2026 | D:3      | Killed Sigmund
  2040 | D:3      | Reached XP level 7. HP: 59/72 MP: 7/7
  2088 | D:3      | XOM: divination: detect creatures
  2231 | D:3      | XOM: 1-stop teleportation journey
  2301 | D:3      | Found an opulent altar of Gozag.
  2565 | D:4      | XOM: summons 4 hostile demons
  2600 | D:4      | XOM: confuse monster(s)
  2640 | D:4      | Noticed Pikel
  2662 | D:4      | Killed Pikel
  2663 | D:4      | Reached skill level 6 in Fighting
  2663 | D:4      | Reached skill level 5 in Unarmed Combat
  2663 | D:4      | Reached XP level 8. HP: 58/84 MP: 8/8
  2811 | D:4      | XOM: give mutations
  2811 | D:4      | Gained mutation: You occasionally shout uncontrollably at
                  | your foes. [Xom's mischief]
  2811 | D:4      | Gained mutation: Your flesh is heat resistant. (rF+) [Xom's
                  | mischief]
  2811 | D:4      | Lost mutation: Your flesh is heat resistant. (rF+) [Xom's
                  | mischief]
  2811 | D:4      | Gained mutation: You are partially covered in large bone
                  | plates. (SH +4) [Xom's mischief]
  2865 | D:4      | Noticed Natasha
  2872 | D:4      | Killed Natasha
  2975 | D:4      | XOM: 1-stop teleportation journey
  3205 | D:4      | Noticed Natasha
  3216 | D:4      | XOM: swap monsters
  3217 | D:4      | Killed Natasha
  3271 | D:4      | Noticed Natasha
  3272 | D:4      | XOM: confusion
  3275 | D:4      | XOM: 1-stop teleportation journey
  3279 | D:4      | XOM: cleaving
  3377 | D:4      | Killed Natasha
  3570 | D:4      | Reached skill level 5 in Shields
  3795 | D:5      | Entered Level 5 of the Dungeon
  3935 | D:5      | XOM: give mutation
  3935 | D:5      | Gained mutation: Your spells are a little harder to cast,
                  | but a little more powerful. [Xom's grace]
  4001 | D:5      | Found a staircase to the Ecumenical Temple.
  4016 | D:5      | Reached skill level 1 in Shapeshifting
  4291 | D:5      | Reached XP level 9. HP: 69/92 MP: 9/9
  4525 | D:6      | Found a transporter.
  4529 | D:6      | Noticed Arcadio's ghost (amateur DrFE)
  4534 | D:6      | Noticed a boulder beetle
  4535 | D:6      | Found a transporter.
  4542 | D:6      | XOM: summons friendly ufetubus
  4552 | D:6      | XOM: smoke on damage
  4756 | D:5      | XOM: give mutations
  4756 | D:5      | Gained mutation: Your muscles are strong. (Str +4, Int/Dex
                  | -1) [Xom's mischief]
  4756 | D:5      | Gained mutation: You are frail. (-10% HP) [Xom's mischief]
  4811 | D:6      | XOM: scenery: 2 doors open
  5048 | D:6      | an electric eel changed into a glowing shapeshifter
  5048 | D:6      | Noticed a glowing shapeshifter (glowing shapeshifter)
  5048 | D:6      | XOM: polymorph electric eel -> glowing shapeshifter
  5048 | D:6      | a glowing shapeshifter changed into an adder
  5075 | D:6      | XOM: 3-stop teleportation journey
  5145 | D:6      | XOM: god gift: glowing orcbow {god gift}
  5280 | D:6      | Reached skill level 5 in Shapeshifting
  5329 | D:6      | XOM: enchant monster (good)
  5402 | D:6      | XOM: confuse monster(s)
  5517 | D:6      | XOM: give mutations
  5517 | D:6      | Gained mutation: You have a pair of horns on your head.
                  | [Xom's grace]
  5517 | D:6      | Gained mutation: Your flesh is heat resistant. (rF+) [Xom's
                  | grace]
  5751 | D:7      | Noticed Menkaure
  5757 | D:7      | Killed Menkaure
  5946 | D:7      | XOM: scenery: 1 doors close
  6057 | D:7      | XOM: cleaving
  6062 | D:7      | Reached XP level 10. HP: 88/90 MP: 10/10
  6074 | D:7      | XOM: polymorph killer bee -> dart slug
  6112 | D:7      | Identified the +0 mace "Jellyslayer" {drain, +Blink}
  6132 | D:7      | XOM: give mutations
  6132 | D:7      | Gained mutation: Your flesh is cold resistant. (rC+) [Xom's
                  | grace]
  6132 | D:7      | Gained mutation: A frigid envelope surrounds you and
                  | freezes all who hurt you. [Xom's grace]
  6132 | D:7      | Gained mutation: You have sharp toenails. [Xom's grace]
  6132 | D:7      | Gained mutation: You are somewhat resistant to further
                  | mutation. [Xom's grace]
  6262 | D:7      | XOM: noise
  6304 | D:7      | Found Sytz's Tiny Tomes.
  6308 | D:7      | Bought the Incunable of Hoarfrost for 96 gold pieces
  6312 | D:7      | Learned a level 3 spell: Ozocubu's Armour
  6585 | D:8      | XOM: 2-stop teleportation journey
  6606 | D:8      | Noticed Erica
  6618 | D:8      | XOM: confusion (+ monsters)
  6622 | D:8      | XOM: scenery: create altars
  6628 | D:8      | Killed Erica
  6709 | D:8      | XOM: divination: detect items
  6915 | D:8      | Found Quru's Distillery.
  6920 | D:8      | Noticed Gastronok
  6936 | D:8      | XOM: cast spell 'Fugue of the Fallen'
  7113 | D:8      | XOM: confuse monster(s)
  7115 | D:8      | Killed Gastronok
  7116 | D:8      | Reached skill level 10 in Shapeshifting
  7116 | D:8      | Reached skill level 8 in Fighting
  7360 | D:8      | Noticed a manticore
  7363 | D:8      | Killed a manticore
  7364 | D:8      | Reached skill level 9 in Fighting
  7364 | D:8      | Reached XP level 11. HP: 97/103 MP: 11/11
  7365 | D:8      | Noticed a seven-headed hydra
  7373 | D:8      | Killed a seven-headed hydra
  7561 | D:8      | Reached skill level 10 in Fighting
  7598 | D:8      | XOM: give mutations
  7598 | D:8      | Lost mutation: Your flesh is cold resistant. (rC+) [Xom's
                  | mischief]
  7598 | D:8      | Gained mutation: Your system is resistant to poisons.
                  | (rPois) [Xom's mischief]
  7598 | D:8      | Gained mutation: Your body sometimes deteriorates upon
                  | taking damage. [Xom's mischief]
  7598 | D:8      | Lost mutation: Your spells are a little harder to cast, but
                  | a little more powerful. [Xom's mischief]
  7649 | D:8      | XOM is BORED!
  7649 | D:8      | XOM: give mutations
  7649 | D:8      | Lost mutation: You are frail. (-10% HP) [Xom's mischief]
  7649 | D:8      | Lost mutation: Your body sometimes deteriorates upon taking
                  | damage. [Xom's mischief]
  7649 | D:8      | Gained mutation: Armour fits poorly on your strangely
                  | shaped body. [Xom's mischief]
  8192 | D:9      | Found an iron altar of Okawaru.
  8399 | D:9      | Found a white marble altar of Elyvilon.
  8488 | D:9      | Found a staircase to the Lair.
  8527 | D:9      | Reached skill level 11 in Fighting
  8543 | D:9      | XOM: 9-stop teleportation journey
  8557 | D:9      | XOM: summons 4 hostile demons
  8787 | D:9      | XOM: give mutations
  8787 | D:9      | Lost mutation: You occasionally shout uncontrollably at
                  | your foes. [Xom's mischief]
  8787 | D:9      | Gained mutation: You sometimes lose your temper in combat.
                  | [Xom's mischief]
  8787 | D:9      | Lost mutation: You are partially covered in large bone
                  | plates. (SH +4) [Xom's mischief]
  8934 | D:10     | Entered Level 10 of the Dungeon
  8935 | D:10     | XOM: confusion
  9114 | D:10     | Reached skill level 1 in Spellcasting
  9200 | D:10     | XOM: stat loss: -1 Int (11/12)
  9254 | D:10     | Reached skill level 1 in Ice Magic
  9282 | D:10     | XOM: swap monsters
  9336 | D:10     | Found a runed translucent gate.
  9336 | D:10     | Found a runed translucent gate.
  9337 | D:10     | Found a runed translucent gate.
  9337 | D:10     | Identified the +1 chain mail of the Everdark {Str+2}
  9338 | D:10     | Noticed PanSaczeczos's ghost (novice AtAE)
  9368 | D:10     | XOM: fog
  9370 | D:10     | XOM: summons friendly crimson imp
  9381 | D:10     | XOM: confuse monster(s)
  9521 | D:10     | Found the +2 hat of the Bear Spirit {Spirit, Bear, *Rage
                  | Will++}
  9543 | D:10     | XOM: confusion
  9560 | D:10     | Killed PanSaczeczos's ghost
  9634 | D:10     | Identified the +2 cloak of the Old World {Dex+3 SInv}
  9657 | D:11     | Noticed a cyclops
  9667 | D:11     | Killed a cyclops
  9680 | D:11     | XOM: swap monsters
  9683 | D:11     | Reached XP level 12. HP: 131/132 MP: 16/16
  9817 | D:11     | Noticed a boulder beetle
  9838 | D:11     | XOM: summons 7 hostile demons
  9845 | D:11     | Killed a boulder beetle
  9846 | D:11     | Reached skill level 12 in Fighting
 10179 | D:11     | XOM: summons 5 friendly demons
 10182 | D:11     | XOM: confuse monster(s)
 10222 | D:11     | XOM: scenery: summon butterflies
 10323 | D:11     | Found a staircase to the Orcish Mines.
 10461 | D:11     | Found a glowing golden altar of the Shining One.
 10605 | D:11     | Found a shimmering altar of Xom.
 10675 | Lair:1   | Entered Level 1 of the Lair of Beasts
 10777 | Lair:1   | You fall into a shaft and drop 1 floor!
 10801 | Lair:2   | Found a hole to the Spider Nest.
 10817 | Lair:2   | XOM: confuse monster(s)
 10917 | Lair:1   | Reached skill level 5 in Spellcasting
 10972 | Lair:1   | XOM: polymorph torpor snail -> cyan ugly thing
 10973 | Lair:1   | XOM: enchant monster (bad)
 11191 | Lair:1   | XOM: smoke on damage
 11195 | Lair:1   | Reached skill level 10 in Unarmed Combat
 11243 | Lair:1   | XOM: 1-stop teleportation journey
 11267 | Lair:1   | XOM: swap monsters
 11374 | Lair:1   | Reached skill level 13 in Fighting
 11487 | Lair:1   | Found a blossoming altar of Fedhas.
 11497 | Lair:1   | Reached skill level 5 in Ice Magic
 11497 | Lair:1   | XOM: potion effect (might)
 11818 | Lair:2   | XOM: divination: magic mapping
 11820 | Lair:2   | XOM: stat loss: -1 Str (31/32)
 11947 | Lair:2   | Found a staircase to the Shoals.
 11976 | Lair:2   | XOM: chaos cloud
 12029 | Lair:2   | Reached XP level 13. HP: 145/145 MP: 20/20
 12050 | Lair:2   | XOM: give mutations
 12050 | Lair:2   | Lost mutation: Your muscles are strong. (Str +4, Int/Dex
                  | -1) [Xom's mischief]
 12050 | Lair:2   | Gained mutation: Your flesh is cold resistant. (rC+) [Xom's
                  | mischief]
 12050 | Lair:2   | Gained mutation: You occasionally shout uncontrollably at
                  | your foes. [Xom's mischief]
 12522 | Lair:2   | XOM: cloud trail
 12660 | Lair:3   | Reached skill level 14 in Fighting
 12660 | Lair:3   | XOM: summons friendly crimson imp
 12691 | Lair:3   | Found a dark tunnel.
 12696 | Volcano  | Entered a volcano
 12718 | Volcano  | XOM: 1-stop teleportation journey
 12757 | Volcano  | XOM: enchant monster (good)
 12760 | Volcano  | Found a burning altar of Makhleb.
 12779 | Volcano  | XOM: confusion
 13177 | Volcano  | XOM: noise
 13244 | Lair:3   | XOM: 4-stop teleportation journey
 13262 | Lair:3   | XOM: 1-stop teleportation journey
 13449 | Lair:3   | Identified the +3 arbalest of Onuufoph {penet, rC+}
 13489 | Lair:3   | XOM: enchant monster (good)
 13494 | Lair:3   | XOM: confusion (+ monsters)
 13799 | Lair:4   | XOM: cast spell 'Alistair's Intoxication'
 13839 | Lair:4   | Reached skill level 15 in Fighting
 13879 | Lair:4   | Identified the +5 falchion "Oni's Death" {freeze, rF+ rC+}
 13917 | Lair:4   | Noticed Nessos
 13918 | Lair:4   | XOM: enchant monster (good)
 13924 | Lair:4   | Nessos changed into Nessos the cyclops
 13924 | Lair:4   | Noticed Nessos
 13924 | Lair:4   | XOM: polymorph Nessos -> Nessos the cyclops
 13925 | Lair:4   | XOM: potion effect (curing)
 13926 | Lair:4   | XOM: repel stairs
 13927 | Lair:4   | Killed Nessos the cyclops
 14415 | Lair:5   | Entered Level 5 of the Lair of Beasts
 14416 | Lair:5   | XOM: polymorph water moccasin -> ogre
 14417 | Lair:5   | XOM: summons 12 friendly demons
 14435 | Lair:5   | XOM: scenery: create altars
 14447 | Lair:5   | Found a hazy altar of Hepliaklqana.
 14464 | Lair:5   | XOM: summons friendly crimson imp
 14474 | Lair:5   | XOM: scenery: summon butterflies
 14526 | Lair:5   | XOM: enchant monster (good)
 14536 | Lair:5   | XOM: scenery: summon butterflies
 14550 | Lair:5   | Reached XP level 14. HP: 56/161 MP: 11/21
 14550 | Lair:5   | XOM: cast spell 'Cause Fear'
 14710 | Lair:5   | Found a staircase to the Slime Pits.
 14710 | Lair:5   | XOM: 7-stop teleportation journey
 14760 | Lair:5   | Reached skill level 16 in Fighting
 14856 | Lair:5   | XOM: give mutations
 14856 | Lair:5   | Gained mutation: Your mind is acute. (Int +4, Str/Dex -1)
                  | [Xom's grace]
 14856 | Lair:5   | Gained mutation: You expend magic power (3 MP) to
                  | strengthen your wands. [Xom's grace]
 14856 | Lair:5   | Lost mutation: You are somewhat resistant to further
                  | mutation. [Xom's grace]
 14856 | Lair:5   | Gained mutation: You have hidden genetic potential. [Xom's
                  | grace]
 14858 | Lair:5   | XOM: give mutations
 14858 | Lair:5   | Gained mutation: You passively map a small area around you.
                  | [Xom's grace]
 14858 | Lair:5   | Gained mutation: Your spells are a little harder to cast,
                  | but a little more powerful. [Xom's grace]
 14865 | Lair:5   | XOM: give mutations
 14865 | Lair:5   | Gained mutation: You are covered in fur. (AC +1) [Xom's
                  | grace]
 14865 | Lair:5   | Gained mutation: You have great hidden genetic potential.
                  | [Xom's grace]
 14865 | Lair:5   | Gained mutation: You have a pair of large horns on your
                  | head. [Xom's grace]
 14887 | Lair:5   | Found a runed translucent gate.
 14887 | Lair:5   | Found a runed translucent gate.
 14888 | Lair:5   | Found a runed translucent gate.
 14898 | Lair:5   | Noticed Ucobeodgho's ghost (journeyman GrEE)
 14901 | Lair:5   | Identified the +4 tower shield of Untold Secrets {+Inv
                  | rC+++ MP+9 Str-3} (Xom gifted it to you on level 5 of the
                  | Lair of Beasts)
 14901 | Lair:5   | XOM: god gift: +4 tower shield of Untold Secrets {+Inv
                  | rC+++ MP+9 Str-3}
 14902 | Lair:5   | XOM: snakes to sticks
 14910 | Lair:5   | XOM: confuse monster(s)
 14914 | Lair:5   | XOM: silly message
 15086 | Lair:5   | XOM: scenery: create altars
 15095 | Lair:5   | XOM: potion effect (invisibility)
 15209 | Lair:5   | XOM: enchant monster (good)
 15248 | Lair:5   | XOM: 5-stop teleportation journey
 15270 | Lair:5   | XOM: polymorph eight-headed hydra -> wind drake
 15304 | Lair:5   | XOM: smoke on damage
 15416 | Lair:5   | XOM: divination: magic mapping
 15420 | Lair:5   | XOM: give mutation
 15420 | Lair:5   | Gained mutation: Your movements are slightly less
                  | encumbered by armour. (ER -2) [Xom's grace]
 15591 | Lair:5   | XOM: cleaving
 15656 | Lair:5   | Reached skill level 17 in Fighting
 15687 | Lair:5   | XOM: scenery: create altars
 15691 | Lair:5   | XOM: enchant monster (good)
 15699 | Lair:5   | XOM: fake destruction
 15890 | Lair:5   | XOM is BORED!
 15890 | Lair:5   | XOM: noise
 16136 | Lair:5   | XOM: god gift: 5 stones
 16146 | Lair:5   | Killed Ucobeodgho's ghost
 16384 | D:12     | Found Guedugu's Jewellery Shoppe.
 16403 | D:12     | Found Bufojax's Distillery.
 16411 | D:12     | Bought a potion of mutation for 96 gold pieces
 16427 | D:12     | XOM: give mutations
 16427 | D:12     | Gained mutation: Your flesh is very heat resistant. (rF++)
                  | [Xom's grace]
 16427 | D:12     | Lost mutation: You have great hidden genetic potential.
                  | [Xom's grace]
 16427 | D:12     | Lost mutation: You have hidden genetic potential. [Xom's
                  | grace]
 16427 | D:12     | Gained mutation: You are somewhat resistant to further
                  | mutation. [Xom's grace]
 16427 | D:12     | Gained mutation: Your flesh is very cold resistant. (rC++)
                  | [Xom's grace]
 16430 | D:12     | Found Bojuphi's Assorted Antiques.
 16453 | D:12     | Found Fighel's Magic Scroll Boutique.
 16476 | D:12     | Bought a scroll of blinking for 127 gold pieces
 16476 | D:12     | Bought a scroll of blinking for 127 gold pieces
 16485 | D:12     | XOM: summons friendly ufetubus
 16507 | D:12     | You fall into a shaft and drop 3 floors!
 16507 | D:15     | Entered Level 15 of the Dungeon
 16549 | D:15     | Reached skill level 10 in Ice Magic
 16555 | D:15     | XOM: cast spell 'Iskenderun's Battlesphere'
 16748 | D:14     | Reached XP level 15. HP: 175/175 MP: 20/22
 16791 | D:14     | Found a gate to the Vaults.
 16806 | D:14     | XOM: scenery: create altars
 16829 | D:14     | Reached skill level 18 in Fighting
 16934 | D:14     | XOM: scenery: create altars
 17270 | D:13     | XOM: enchant monster (bad)
 17308 | D:13     | XOM: give mutations
 17308 | D:13     | Lost mutation: Your mind is acute. (Int +4, Str/Dex -1)
                  | [Xom's mischief]
 17308 | D:13     | Lost mutation: You are somewhat resistant to further
                  | mutation. [Xom's mischief]
 17308 | D:13     | Lost mutation: Your movements are slightly less encumbered
                  | by armour. (ER -2) [Xom's mischief]
 17675 | D:12     | XOM: enchant monster (good)
 17679 | D:12     | XOM: confuse monster(s)
 17713 | D:11     | XOM: god gift: orcbow {god gift}
 17766 | D:12     | XOM: summons 7 friendly demons
 17779 | D:12     | XOM: cast spell 'Leda's Liquefaction'
 17788 | D:12     | XOM: confusion (+ monsters)
 17865 | D:12     | Found Idghuptac's Weapon Shoppe.
 17882 | D:12     | XOM: silly message
 18069 | D:13     | XOM: repel stairs
 18268 | D:13     | Reached skill level 19 in Fighting
 18329 | D:13     | XOM: 2-stop teleportation journey
 18379 | D:13     | XOM: give mutations
 18379 | D:13     | Lost mutation: You have sharp toenails. [Xom's mischief]
 18379 | D:13     | Lost mutation: Your system is resistant to poisons. (rPois)
                  | [Xom's mischief]
 18379 | D:13     | Lost mutation: A frigid envelope surrounds you and freezes
                  | all who hurt you. [Xom's mischief]
 18379 | D:13     | Lost mutation: You passively map a small area around you.
                  | [Xom's mischief]
 18389 | D:13     | XOM: blink monster(s)
 18842 | D:14     | XOM: torment (86/216 hp)
 19135 | D:14     | XOM: torment (157/324 hp)
 19180 | D:13     | XOM: summons 4 hostile shadow creatures
 19298 | D:14     | XOM: stat loss: -1 Dex (7/8)
 19582 | D:14     | XOM: chaos cloud
 19602 | D:14     | XOM: stat loss: -1 Dex (6/8)
 19718 | D:14     | XOM: noise
 19892 | D:14     | XOM: give mutation
 19892 | D:14     | Gained mutation: Your mind is acute. (Int +4, Str/Dex -1)
                  | [Xom's mischief]
 20053 | D:14     | XOM: cloud trail
 20283 | D:15     | Found Nesos's Assorted Antiques.
 20292 | D:15     | Bought a potion of heal wounds for 115 gold pieces
 20382 | D:15     | Noticed Rupert
 20395 | D:15     | Killed Rupert
 20404 | D:15     | XOM: silly message
 20413 | D:15     | XOM: silly message
 20423 | D:15     | Reached skill level 20 in Fighting
 20677 | D:15     | Found Ciekh's Jewellery Shop.
 20745 | D:15     | Reached skill level 15 in Unarmed Combat
 20745 | D:15     | Reached XP level 16. HP: 192/192 MP: 19/23
 20778 | D:15     | Found a shimmering blue altar of Sif Muna.
 20782 | D:15     | XOM: divination: detect items
 20829 | D:15     | XOM: noise
 20830 | D:15     | XOM: divination: magic mapping
 20831 | D:15     | Gained mutation: You are weak. (Str -2) [a shining eye]
 20845 | D:15     | XOM: confusion (+ monsters)
 20849 | D:15     | XOM: smoke on damage
 20858 | D:15     | XOM: cast spell 'Olgreb's Toxic Radiance'
 20915 | D:15     | Found a staircase to the Depths.
 20923 | D:15     | XOM: scenery: 1 fountains blood, 2 doors close
 21103 | Orc:1    | Entered Level 1 of the Orcish Mines
 21267 | Orc:2    | Entered Level 2 of the Orcish Mines
 21293 | Orc:2    | XOM: confuse monster(s)
 21430 | Orc:1    | XOM: stat loss: -1 Str (27/28)
 21499 | Orc:1    | XOM: give mutations
 21499 | Orc:1    | Lost mutation: Armour fits poorly on your strangely shaped
                  | body. [Xom's mischief]
 21499 | Orc:1    | Lost mutation: You expend magic power (3 MP) to strengthen
                  | your wands. [Xom's mischief]
 21499 | Orc:1    | Lost mutation: You occasionally shout uncontrollably at
                  | your foes. [Xom's mischief]
 21691 | Orc:2    | XOM: 2-stop teleportation journey
 21934 | Orc:2    | XOM: noise
 22141 | Orc:2    | XOM: chaos cloud
 22217 | Orc:2    | Found Peym's Magic Scroll Emporium.
 22217 | Orc:2    | Found Gehi's Antique Armour Shoppe.
 22217 | Orc:2    | Found Fueck's Book Shoppe.
 22222 | Orc:2    | Found Cuseckinet's Antique Weapon Emporium.
 22268 | Orc:2    | XOM: give mutations
 22268 | Orc:2    | Lost mutation: Your flesh is very heat resistant. (rF++)
                  | [Xom's mischief]
 22268 | Orc:2    | Lost mutation: Your flesh is very cold resistant. (rC++)
                  | [Xom's mischief]
 22268 | Orc:2    | Lost mutation: Your flesh is heat resistant. (rF+) [Xom's
                  | mischief]
 22305 | Orc:2    | Noticed Azrael
 22314 | Orc:2    | Killed Azrael
 22392 | Orc:2    | Found Matih's Specific Store.
 22394 | Orc:2    | Found Baag's General Store.
 22417 | Orc:2    | Bought a phial of floods for 400 gold pieces
 22464 | Orc:2    | Found a staircase to the Elven Halls.
 22722 | Orc:2    | Noticed Sonja
 22728 | Orc:2    | Killed Sonja
 23028 | Spider:1 | Entered Level 1 of the Spider Nest
 23029 | Spider:1 | XOM: confusion
 23034 | Lair:2   | XOM: divine lightning
 23386 | Lair:2   | XOM: noise
 23461 | Spider:1 | XOM: polymorph steelbarb worm -> glowing shapeshifter
 23519 | Spider:1 | XOM: divination: detect creatures
 23533 | Spider:1 | XOM: polymorph tarantella -> moth of wrath
 23765 | Lair:2   | XOM: noise
 23813 | Lair:2   | XOM: god gift: scroll of enchant weapon
 23849 | Spider:1 | XOM: give mutations
 23849 | Spider:1 | Gained mutation: You passively map a small area around you.
                  | [Xom's grace]
 23849 | Spider:1 | Gained mutation: Your flesh is heat resistant. (rF+) [Xom's
                  | grace]
 24063 | Spider:1 | XOM: summons 9 hostile demons
 24189 | Spider:1 | XOM: enchant monster (bad)
 24199 | Spider:1 | XOM: draining
 24237 | Spider:1 | Found a transporter.
 24244 | Spider:1 | Noticed Vidaw's ghost (journeyman DsSh)
 24389 | Spider:1 | XOM: 1-stop teleportation journey
 24427 | Spider:1 | XOM: polymorph jumping spider -> glowing shapeshifter
 24443 | Spider:1 | XOM: 6-stop teleportation journey
 24880 | Spider:1 | Found a transporter.
 25183 | Spider:2 | XOM: chaos cloud
 25205 | Spider:2 | XOM: swap monsters
 25210 | Spider:2 | XOM: 1-stop teleportation journey
 25217 | Spider:2 | HP: 8/222 [meliai/+0 war axe (7)]
 25323 | Spider:2 | XOM: scenery: summon butterflies
 25505 | Spider:2 | Noticed Frances
 25513 | Spider:2 | Killed Frances
 25843 | Spider:2 | XOM: potion effect (invisibility)
 25848 | Spider:2 | Reached XP level 17. HP: 201/201 MP: 24/24
 26013 | Spider:2 | XOM: god gift: potion of degeneration
 26149 | Spider:3 | Found a runed translucent door.
 26324 | Spider:3 | XOM: potion effect (invisibility)
 26330 | Spider:3 | XOM: scenery: summon butterflies
 26390 | Spider:3 | Identified the +8 chain mail of Wolulang {rN++ Int+3
                  | Stlth-}
 26656 | Spider:3 | XOM: god gift: 42 gold pieces
 26728 | Spider:3 | XOM: scenery: summon butterflies
 26865 | Spider:3 | XOM: summons 1 hostile demon
 26920 | Spider:3 | XOM: noise
 27042 | Spider:3 | XOM: confusion (+ monsters)
 27113 | Spider:3 | XOM: stat loss: -1 Str (27/28)
 27293 | Spider:3 | Noticed GrimJard's ghost (adept GrEE)
 27356 | Spider:4 | Entered Level 4 of the Spider Nest
 27437 | Spider:4 | XOM: noise
 27719 | Spider:4 | XOM: silly message
 27725 | Spider:4 | XOM: summons friendly quasit
 27726 | Spider:4 | XOM: enchant monster (bad)
 28146 | Spider:4 | Reached skill level 15 in Shapeshifting
 28180 | Spider:4 | XOM: noise
 28184 | Spider:4 | XOM: 2-stop teleportation journey
 28188 | Spider:4 | Identified a scroll of acquirement
 28304 | Spider:4 | XOM: summons 1 hostile demon
 28340 | Spider:4 | XOM: blink monster(s)
 28364 | Spider:4 | Reached skill level 5 in Evocations
 28403 | Spider:4 | XOM: give mutations
 28403 | Spider:4 | Lost mutation: Your flesh is heat resistant. (rF+) [Xom's
                  | mischief]
 28403 | Spider:4 | Lost mutation: You are covered in fur. (AC +1) [Xom's
                  | mischief]
 28492 | Spider:4 | XOM: enchant monster (good)
 28518 | Spider:4 | XOM: confuse monster(s)
 28667 | Spider:4 | XOM: enchant monster (good)
 28674 | Spider:4 | XOM: confuse monster(s)
 28923 | Spider:4 | XOM: god gift: wand of quicksilver (7)
 29143 | Spider:4 | Found the +3 crown of Dyrovepreva {rElec Int+2 SInv}
 29148 | Spider:4 | Got a gossamer rune of Zot
 29178 | Spider:4 | XOM: enchant monster (good)
 29229 | Spider:4 | XOM: draining
 29230 | Spider:4 | Identified the +1 pair of gloves of the Three of Wands
                  | {Dex+3}
 29312 | Spider:4 | XOM is BORED!
 29312 | Spider:4 | XOM: summons 9 hostile demons
 29533 | Shoals:1 | Entered Level 1 of the Shoals
 29616 | Shoals:1 | XOM: god gift: boomerang
 29661 | Shoals:1 | XOM: cast spell 'Discord'
 29664 | Shoals:1 | Reached XP level 18. HP: 103/196 MP: 25/25
 29867 | Shoals:1 | XOM: scenery: summon butterflies
 29941 | Shoals:1 | XOM: divine lightning
 30193 | Shoals:1 | XOM: give mutation
 30193 | Shoals:1 | Gained mutation: Potions are less effective at restoring
                  | your health. [Xom's mischief]
 30298 | Shoals:1 | XOM: god gift: 1104 gold pieces
 30692 | Shoals:1 | XOM: give mutations
 30692 | Shoals:1 | Lost mutation: You sometimes lose your temper in combat.
                  | [Xom's grace]
 30692 | Shoals:1 | Gained mutation: You have an increased reservoir of magic.
                  | (+10% MP) [Xom's grace]
 30692 | Shoals:1 | Gained mutation: You have hidden genetic potential. [Xom's
                  | grace]
 30701 | Shoals:2 | Found a frozen archway.
 30708 | Shoals:2 | XOM: god gift: scroll of vulnerability
 30721 | Shoals:2 | XOM: swap monsters
 30724 | Shoals:2 | XOM: enchant monster (bad)
 30815 | IceCv    | Entered an ice cave
 30925 | IceCv    | XOM: chaos cloud
 31206 | IceCv    | XOM: scenery: summon butterflies
 31218 | IceCv    | XOM: chaos cloud
 31240 | IceCv    | HP: 9/255 [quicksilver ooze (9)]
 31251 | IceCv    | HP: 11/255 [poisoned by a death drake (foul vapour)]
 31252 | IceCv    | Killed from afar by a death drake

Illustrated notes

Levels and vault maps discovered:
D:1:      dpeg_arrival_simpleton_a, layout_rooms, basic_ecumenical_altar
D:2:      layout_loops_ring, basic_altar
D:3:      layout_basic, chequers_temple_overflow_statue_of_worship,
          lemuel_tele_altar, grunt_decor_mini_mirrors, minivault_24,
          uniq_sigmund, uniq_robin, uniq_ijyb
D:4:      layout_cave_pods, uniq_natasha, uniq_pikel
D:5:      layout_loops_ring, minmay_temple_entry_wispy
D:6:      layout_basic, gammafunk_ghost_arena, serial_bayou_lagoon_a,
          minmay_fractal_squares_5
D:7:      layout_basic, nicolae_shop_i_like_small_books_too, eino_jars,
          uniq_menkaure
D:8:      layout_basic, serial_shops, nicolae_take_the_stairs,
          hangedman_abyss_or_decor_slice, nzn_random_ring, uniq_erica,
          uniq_gastronok
D:9:      layout_gridville, mainiacjoe_overflow_alcove_2, okawaru_gym_becter,
          lair_entry_dummy, minivault_5
D:10:     layout_roguey, biasface_ghost_orc_armoury, minivault_4
D:11:     layout_loops_ring, orc_0_dummy, regret_index_xom_buried_treasure,
          tso_oasis_becter
D:12:     layout_cave_pools, serial_shops, shop, shop, shop, shop, shop
D:13:     layout_big_octagon
D:14:     layout_basic, erik_vaults_2, serial_park_square3
          [serial_park_minivault_5x5_4]
D:15:     hangedman_depths_entry_civil_slaughter, layout_gridville,
          hellmonk_sif_muna_bookshelves, serial_shops,
          nicolae_shop_tiny_waterfront, minmay_shop_enchanted_jewellery,
          uniq_rupert
Lair:1:   layout_cave_pods, hangedman_tree_tricks
Lair:2:   layout_regular_city, elwin_shoals_entry_rooms,
          spider_nest_entry_rubble, chequers_serial_rivers_room_b,
          grunt_megastairs_5
Lair:3:   layout_cellular_growth, nicolae_volcano_entry_s_turn
Lair:4:   layout_regular_city, serial_bayou_pond_e, uniq_nessos
Lair:5:   evilmike_catoblepas_cave, layout_gridlike, slime_entry_1, basic_altar,
          maelrawn_ghost_gauntlet_escape
Shoals:1: layout_shoals, nicolae_shoals_sun_and_surf
Shoals:2: layout_shoals, portal_ice_cave_entry_ice_statue_two,
          nicolae_shoals_the_drawing_of_the_three
Spider:1: layout_spider_delve, gammafunk_ghost_berserking_beasts,
          hellmonk_deceptive_appearances
Spider:2: layout_spider_delve, uniq_frances
Spider:3: layout_spider_delve, ebering_ghost_reflecting_pool, drop_trap,
          hellmonk_test_site
Spider:4: hellmonk_spider_rune_bug_friends
Orc:1:    layout_caves, uniq_snorg
Orc:2:    st_orc_mages, layout_diamond_mine, nicolae_orc_lava_tube,
          nicolae_specific_store, uniq_sonja, uniq_azrael
IceCv:    ice_cave_hellmonk_azure_passage

Skill      XL: |  1  2  3  4  5  6  7  8  9 10 11 12 13 14 15 16 17 18 |
---------------+-------------------------------------------------------+-----
Unarmed Combat | 3 4 5 6 7 9 10 11 13 15 | 15.6
Shields        | 1 2 3 4 5 |  5.0
Fighting       | 5 6 9 11 13 15 17 20 | 20.9
Evocations     | 2 3 4 7 9 |  9.2
Shapeshifting  | 2 7 10 12 15 | 15.0
Spellcasting   | 3 5 |  5.0
Ice Magic      | 2 5 8 10 | 10.0
Dodging        | |  2.1

Action                     |  1- 3 |  4- 6 |  7- 9 | 10-12 | 13-15 | 16-18 || total
---------------------------+-------+-------+-------+-------+-------+-------++-------
  Melee: Unarmed           |    69 |    92 |   404 |   443 |   644 |  1149 ||  2801
         Punch             |     1 |       |       |       |       |       ||     1
         Headbutt          |    11 |    17 |    70 |    33 |       |       ||   131
         Short sword       |    21 |    27 |       |       |       |       ||    48
         Kick              |       |       |       |    46 |       |       ||    46
         Constrict         |       |       |       |    69 |   161 |   220 ||   450
   Cast: Ozocubu's Armour  |       |       |       |     1 |       |     1 ||     2
  Evoke: Wand              |       |     1 |     7 |    10 |     3 |     7 ||    28
         Phantom mirror    |       |       |       |       |     1 |     1 ||     2
         Phial of floods   |       |       |       |       |       |     1 ||     1
    Use: Potion            |       |     4 |     2 |     2 |       |    13 ||    21
         Scroll            |       |     4 |     5 |     9 |     4 |     9 ||    31
   Stab: Paralysed         |       |     4 |     8 |       |       |       ||    12
         Sleeping          |       |     1 |       |       |       |       ||     1
         Confused          |       |       |       |     1 |       |     4 ||     5
         Invisible         |       |       |       |       |     2 |     8 ||    10
         Petrified         |       |       |       |       |     2 |       ||     2
         Distracted        |       |       |       |       |       |     2 ||     2
 Armour: Robe              |    64 |    60 |   250 |    85 |       |       ||   459
         Skin              |       |       |     4 |   228 |   694 |  1703 ||  2629
  Dodge: Dodged            |    41 |    44 |   160 |   215 |   275 |   609 ||  1344
  Block: Kite shield       |    25 |    38 |   221 |   115 |       |       ||   399
   Form: Serpent           |       |       |       |     1 |       |     1 ||     2
                           |       |       |       |       |       |     1 ||     1

Table legend: (Time is in decaauts)
 A = Elapsed time spent in this place.
 B = Non-inter-level travel time spent in this place.
 C = Inter-level travel time spent in this place.
 D = Time resting spent in this place.
 E = Time spent auto-exploring this place.
 F = Levels seen in this place.
 G = Mean time per level.
                   A        B        C        D        E       F      G
               +--------+--------+--------+--------+--------+-----+--------+
         Total |  31286 |  30057 |   1229 |   9820 |  13572 |  30 | 1042.9 |
       Dungeon |  15594 |  14987 |    607 |   4749 |   7041 |  15 | 1039.6 |
          Lair |   6117 |   5918 |    199 |   1923 |   2954 |   5 | 1223.4 |
        Shoals |   1188 |   1084 |    104 |    141 |    582 |   2 |  594.0 |
   Spider Nest |   5626 |   5393 |    233 |   1964 |   2048 |   4 | 1406.5 |
  Orcish Mines |   1834 |   1750 |     84 |    521 |    820 |   2 |  917.0 |
      Ice Cave |    408 |    408 |      0 |    245 |     26 |   1 |  408.0 |
       Volcano |    517 |    517 |      0 |    276 |     99 |   1 |  517.0 |
               +--------+--------+--------+--------+--------+-----+--------+

Top non-repeatable levels by time:
Spider:4: 2074 daAuts
    D:14: 1860 daAuts
  Lair:2: 1857 daAuts
  Lair:5: 1745 daAuts
     D:4: 1433 daAuts
Spider:2: 1416 daAuts
     D:8: 1403 daAuts
     D:2: 1168 daAuts
Spider:1: 1141 daAuts
    D:11: 1129 daAuts
    D:13: 1126 daAuts
  Lair:1: 1052 daAuts
   Orc:2: 1035 daAuts
     D:9: 994 daAuts
Spider:3: 993 daAuts
